 Dungeon Crawl Stone Soup version 0.29.1-15-g9cfb28693d (webtiles) character file.

Game seed: 867478576158965463

57 alllll the Grave Robber (level 3, -4/24 HPs)
             Began as a Vampire Necromancer on Mar 15, 2023.
             Slain by a gnoll
             ... wielding a +0 flail
              (9 damage)
             ... on level 2 of the Dungeon.
             The game lasted 00:04:20 (1798 turns).

alllll the Grave Robber (Vampire Necromancer)       Turns: 1798, Time: 00:04:22

Health: -4/24      AC:  3    Str:  9    XL:     3   Next: 73%
Magic:  4/6        EV: 12    Int: 17    God:
Gold:   85         SH:  0    Dex: 14    Spells: 5/6 levels left

rFire   x . .      SeeInvis +   b - +0 mace
rCold   + . .      Faith    .   (no shield)
rNeg    . . .      Spirit   .   f - +0 leather armour
rPois   .          Reflect  .   (no helmet)
rElec   .          Harm     .   (no cloak)
rCorr   .          Rampage  .   (no gloves)
Will    .....                   (no boots)
Stlth   ++........              (no amulet)
HPRegen 0.28/turn               c - ring of ice
MPRegen 0.10/turn               (no ring)

@: healing quickly
A: alive, fangs 3, see invisible, vampiric 2
a: Exsanguinate


You were on level 2 of the Dungeon.
You visited 1 branch of the dungeon, and saw 2 of its levels.

You collected 85 gold pieces.

Inventory:

Hand Weapons
 b - a +0 mace (weapon)
Missiles
 g - 2 stones
 n - 6 poisoned darts
Armour
 f - a +0 leather armour (worn)
Jewellery
 c - a ring of ice (left hand)
Scrolls
 a - a scroll of identify {unknown}
 d - a scroll of poison {unknown}
 e - 2 scrolls of magic mapping {unknown}
 h - a scroll of amnesia {unknown}
 l - a scroll of enchant armour {unknown}
Potions
 i - 2 potions of heal wounds {unknown}
 j - a potion of curing {unknown}
 k - a potion of ambrosia {unknown}
 m - 2 potions of magic
 o - a potion of flight {unknown}
 p - a potion of berserk rage {unknown}
 q - a potion of haste {unknown}


   Skills:
 + Level 0.1 Fighting
 + Level 0.6 Armour
 + Level 2.6 Dodging
 + Level 3.3 Stealth
 + Level 1.3 Unarmed Combat
 + Level 2.3 Spellcasting
 + Level 4.9 Necromancy


You had 5 spell levels left.
You knew the following spells:

 Your Spells              Type           Power      Damage    Failure   Level
a - Necrotise             Necr           72%        1d7       3%          1

Your spell library contained the following spells:

 Spells                   Type           Power      Damage    Failure   Level
 Vampiric Draining        Necr           18%        2d7       10%         3
 Animate Dead             Necr           18%        N/A       32%         4
 Agony                    Necr           18%        N/A       67%         5


Dungeon Overview and Level Annotations

Branches:
Dungeon (2/15)

Altars:


Innate Abilities, Weirdness & Mutations

Your natural rate of healing is accelerated.
You have razor-sharp teeth.
You have supernaturally acute eyesight. (SInv)
You are afflicted with vampirism and can become a bat while bloodless.


Message History

You see here a +0 club.
There is a faded altar of an unknown god here.
i - 2 amethyst potions (gained 1)
You now have 85 gold pieces (gained 12).
A gnoll comes into view. It is wielding a +0 flail.
The gnoll shouts!
You hear a shout!
A gnoll comes into view. It is wielding a +0 club.
The gnoll moves out of view.
A gnoll is nearby!
A gnoll is nearby!
A gnoll is nearby!
A gnoll comes into view. It is wielding a +0 halberd.
Found an escape hatch in the floor.
The gnoll shouts!
A gnoll comes into view. It is wielding a +0 flail.
The gnoll completely misses you.
You barely miss the gnoll. The gnoll closely misses you.
You hit the gnoll.
The gnoll is moderately wounded.
The gnoll misses you.
You hit the gnoll.
The gnoll is heavily wounded.
The gnoll hits you with a +0 club.
You barely miss the gnoll.
The gnoll is heavily wounded.
The gnoll closely misses you. The gnoll hits you with a +0 club!
You are too injured to fight recklessly!
The gnoll attacks as you move away! The gnoll hits you with a +0 club!
* * * LOW HITPOINT WARNING * * *
Aiming: Necrotise (safe; 3% risk of failure)
Press: ? - help, Q - select action, (/) - cycle Shift-Dir - straight line, f - gnoll
Aim: a gnoll, wielding a +0 flail (chance to affect: 83%)
The gnoll writhes in agony.
The gnoll closely misses you.
Aiming: Necrotise (safe; 3% risk of failure)
Press: ? - help, Q - select action, (/) - cycle Shift-Dir - straight line, f/p - gnoll
Aim: a gnoll, wielding a +0 flail (lightly wounded, chance to affect: 83%)
The gnoll writhes in agony.
The gnoll barely misses you. x2; The gnoll hits you with a +0 flail!
You die...

.... #.#.###.#
.....
#.......#
..... ###
###.#####
...... ..# #.#
......##.#
#####.#
#...g....#
#.....# ..
#.># #.#####
#.#g#gg###.#
#....@g....#
........######
#########


You could see 4 gnolls.

Vanquished Creatures
  An adder (D:2)
  A worm (D:2)
  4 dart slugs
  4 bats
  An endoplasm (D:2)
  2 giant cockroaches (D:2)
  7 hobgoblins
  A quokka (D:1)
  5 ball pythons
  A frilled lizard (D:1)
  2 goblins
  2 kobolds (D:1)
  4 rats
35 creatures vanquished.

Vanquished Creatures (others)
  3 demonic plants (D:2)
  2 withered plants (D:2)
5 creatures vanquished.

Grand Total: 40 creatures vanquished

Notes
Turn   | Place    | Note
-------+----------+-------------------------------------------
     0 | D:1      | alllll the Vampire Necromancer began the quest for the Orb.
     0 | D:1      | Reached XP level 1. HP: 13/13 MP: 3/3
   311 | D:1      | Reached XP level 2. HP: 12/19 MP: 5/5
   847 | D:2      | Gained mutation: You are afflicted with vampirism and can
                  | become a bat while bloodless. [Vampire growth]
   847 | D:2      | Reached XP level 3. HP: 17/24 MP: 2/6
   848 | D:2      | Reached skill level 1 in Unarmed Combat
  1453 | D:2      | Found a faded altar of an unknown god.
  1798 | D:2      | Slain by a gnoll

Illustrated notes

Levels and vault maps discovered:
D:1:      mrwooster_arrival_statue, layout_basic
D:2:      layout_loops_cross, shapermc_ecumenical_altar_gd, minmay_distorted

Skill      XL: |  1  2  3 |
---------------+----------+-----
Unarmed Combat | 1 |  1.3
Fighting       | |  0.1
Armour         | |  0.6
Dodging        | |  2.6
Stealth        | |  3.3
Spellcasting   | |  2.3
Necromancy     | |  4.9

Action                   || total
-------------------------++-------
Melee: Unarmed           ||   155
       Bite              ||    22
       Mace              ||    47
       Punch             ||     3
 Cast: Necrotise         ||    33
  Use: Potion            ||     1
 Stab: Sleeping          ||     5
Armor: Robe              ||     7
       Leather armour    ||    55
Dodge: Dodged            ||   150
